Map: Apotheosis LE

Players

Gracz

  • Race: Terran Terran
  • League: Silver

Mettsalvo - Winner!

  • Race: Protoss Protoss
  • League: Silver

VOD

Have the link to the VOD?

Description

Time

  • Played on: Oct. 23, 2016, 10:59 a.m.
  • Length: 6:32
Show
View Real Time Build Order
Export as new Build Order

Gracz Terran 

Build Orders:  

Get SALT Encoding   

  12  0:01  SCV  
  13  0:17  SCV  
  13  0:18  Supply Depot  
  14  0:33  SCV  
  15  0:41  Barracks  
  15  0:48  Supply Depot, SCV  
  16  0:54  Refinery  
  16  1:02  Refinery  
  16  1:19  SCV  
  17  1:33  SCV  
  18  1:48  Factory  
  18  1:57  SCV  
  19  2:05  Unknown, Command Center  
  19  2:09  SCV  
  20  2:28  Factory  
  20  2:34  Starport  
  20  2:44  Orbital Command  
  20  2:51  Factory Tech Lab  
  20  2:56  Barracks Reactor  
  20  3:12  SCV  
  21  3:15  Starport Reactor  
  21  3:17  Unknown, Factory Tech Lab  
  21  3:19  Mag-Field Accelerator  
  21  3:29  Barracks  
  21  3:38  Cyclone  
  25  3:46  SCV  
  26  3:50  Marine x2  
  28  3:58  SCV  
  29  4:15  Orbital Command  
  29  4:19  SCV  
  29  4:21  Marine x2  
  29  4:22  Barracks Tech Lab  
  32  4:30  Supply Depot  
  32  4:31  SCV  
  32  4:32  Refinery  
  32  4:33  Cyclone  
  37  4:39  Marine x2  
  37  4:43  SCV  
  40  4:45  Medivac  
  40  4:52  Cyclone  
  46  4:56  SCV  
  46  4:58  SCV  
  48  5:12  Marauder  
  48  5:13  Marine  
  41  5:33  Marauder  
  32  5:47  Marine x2  
  32  5:48  Cyclone  
  32  5:49  Siege Tank  
  37  5:54  Marine  
  36  6:05  Marine x2  
Show
View Real Time Build Order
Export as new Build Order

Mettsalvo Protoss - Winner!

Build Orders: Mass Adepts 

Get SALT Encoding   

  12  0:01  Probe (Chrono Boost)  
  13  0:12  Probe (Chrono Boost)  
  14  0:22  Pylon  
  14  0:35  Probe (Chrono Boost)  
  15  0:43  Gateway  
  15  0:45  Probe (Chrono Boost)  
  15  0:48  Assimilator  
  16  0:57  Probe (Chrono Boost)  
  17  1:08  Probe (Chrono Boost)  
  17  1:10  Gateway  
  18  1:20  Probe (Chrono Boost)  
  19  1:32  Cybernetics Core  
  19  1:36  Probe (Chrono Boost)  
  20  1:41  Assimilator  
  20  1:47  Probe (Chrono Boost)  
  21  1:56  Pylon  
  21  1:57  Probe (Chrono Boost)  
  22  2:01  Gateway  
  22  2:05  Warp Gate  
  22  2:08  Probe (Chrono Boost)  
  23  2:15  Adept  
  25  2:20  Probe (Chrono Boost)  
  26  2:26  Adept  
  29  2:37  Probe (Chrono Boost)  
  29  2:51  Mothership Core (Chrono Boost)  
  31  3:12  Pylon  
  31  3:18  Pylon  
  31  3:30  Adept x3  
  31  3:32  Probe (Chrono Boost)  
  31  3:33  Pylon  
  38  3:44  Probe (Chrono Boost)  
  39  3:54  Gateway  
  39  3:56  Gateway  
  39  4:08  Adept  
  41  4:15  Zealot  
  43  4:18  Adept  
  45  4:31  Adept  
  47  4:36  Sentry  
  47  4:37  Unknown, Nexus  
  49  4:49  Pylon  
  49  4:51  Sentry  
  51  4:58  Adept x2  
  55  5:10  Pylon  
  49  5:48  Unknown  
  49  5:58  Stalker x2  
Tags
 
Add a new tag
Caveats
  • Supply blocks, unpowered buildings, or Contaminate may cause inaccurate times.
  • Supply counts are checked every 10 seconds.